 Dungeon Crawl Stone Soup version 0.27-a0-1565-gad902ab807 (webtiles) character file.

Game seed: 9793224282445425433

131 Leszczynek the Chopper (level 5, 0/38 HPs)
             Began as a Human Gladiator on July 16, 2021.
             Slain by an ufetubus (2 damage)
             ... on level 4 of the Dungeon.
             The game lasted 00:06:55 (748 turns).

Leszczynek the Chopper (Human Gladiator)             Turns: 748, Time: 00:06:55

Health: 0/38       AC:  6    Str: 14    XL:     5   Next: 37%
Magic:  5/5        EV: 11    Int: 10    God:
Gold:   20         SH:  0    Dex: 14    Spells: 4/4 levels left

rFire    . . .     SeeInvis .   a - +0 war axe
rCold    . . .     Faith    .   (no shield)
rNeg     . . .     Spirit   .   g - +0 ring mail
rPois    .         Reflect  .   c - +0 helmet
rElec    .         Harm     .   (no cloak)
rCorr    .         Rampage  .   (no gloves)
Will     .....                  (no boots)
Stlth    +.........             (no amulet)
HPRegen  0.12/turn              (no ring)
MPRegen  0.09/turn              (no ring)

@: no status effects
A: no striking features
a: no special abilities


You were on level 4 of the Dungeon.
You visited 1 branch of the dungeon, and saw 4 of its levels.

You collected 20 gold pieces.

Inventory:

Hand Weapons
 a - a +0 war axe (weapon)
 b - a +0 hunting sling
 p - a +2 whip of freezing
Missiles
 e - 36 arrows
 h - 12 poisoned darts (quivered)
 i - 16 bolts
 l - 82 stones
 n - 5 silver boomerangs
Armour
 c - a +0 helmet (worn)
 g - a +0 ring mail (worn)
 k - a +0 leather armour
Wands
 q - a wand of flame (16)
Scrolls
 f - 7 scrolls of identify {unknown}
 j - a scroll of noise {unknown}
 m - a scroll of magic mapping {unknown}
 o - a scroll of fear {unknown}


   Skills:
 - Level 2.0 Fighting
 + Level 5.7 Axes
 - Level 2.0 Throwing
 - Level 3.0 Dodging


You had 4 spell levels left.
You didn't know any spells.
Your spell library was empty.

Dungeon Overview and Level Annotations

Branches:
Dungeon (4/15)
 Temple: D:4-7

Altars:

Annotations:
D:4 Blork the orc


Message History

Aim: a hound (heavily wounded, 50% to hit)
You throw a throwing net.
The throwing net barely misses the hound.
The throwing net hits the goblin.
The hound closely misses you.
The goblin struggles against the net.
The hound barely misses you.
Throw: throwing net
Press: ? - help, Q - select action, (/) - cycle Shift-Dir - straight line, f/p - hound
Aim: a hound (heavily wounded, 50% to hit)
You throw a throwing net. The throwing net hits the hound.
The hound is caught in the net!
The hound is heavily wounded.
The hound struggles against the net.
The goblin struggles against the net.
You catch the helpless hound completely off-guard!
You hit the hound.
The hound is heavily wounded.
The hound struggles against the net.
The goblin struggles against the net.
The net rips apart, and the goblin comes free!
The hound struggles against the net.
The net rips apart, and the hound comes free!
You hit the hound.
The hound is almost dead.
The hound barely misses you. x2
You hit the hound but do no damage.
The hound is almost dead.
The hound barely misses you. The hound misses you.
You miss the hound.
The hound is almost dead.
The hound barely misses you. The hound closely misses you.
You hit the hound but do no damage.
The hound is almost dead.
The hound bites you.
* * * LOW HITPOINT WARNING * * *
You hit the hound.
You kill the hound!
The ufetubus hits you.
* * * LOW HITPOINT WARNING * * *
The ufetubus barely misses you.
You hit the ufetubus but do no damage. The ufetubus hits you.
You die...

## . ##. ... #.#
# #.# .#### ##
#.#......
#...#####.....(..
#.....†@5g...####
#...########.# ##
#


You could see an ufetubus and a goblin.

Vanquished Creatures
  A hound (D:4)
  2 orc priests (D:3)
  A dart slug (D:4)
  3 orcs (D:3)
  5 ball pythons
  A bat (D:3)
  2 endoplasms (D:2)
  A giant cockroach (D:2)
  4 goblins
  3 hobgoblins
  3 jackals (D:3)
  2 quokkas
  3 frilled lizards
  A kobold (D:3)
  4 rats
36 creatures vanquished.

Notes
Turn   | Place    | Note
-------+----------+-------------------------------------------
     0 | D:1      | Leszczynek the Human Gladiator began the quest for the Orb.
     0 | D:1      | Reached XP level 1. HP: 16/16 MP: 1/1
   140 | D:1      | Reached XP level 2. HP: 8/22 MP: 2/2
   407 | D:3      | Reached skill level 4 in Axes
   407 | D:3      | Reached XP level 3. HP: 13/27 MP: 3/3
   505 | D:4      | Noticed Blork the orc
   669 | D:3      | Ouch! That really hurt!
   670 | D:3      | nice roll m8
   679 | D:3      | Reached XP level 4. HP: 15/33 MP: 4/4
   686 | D:3      | Reached skill level 5 in Axes
   686 | D:3      | Reached XP level 5. HP: 18/38 MP: 5/5
   746 | D:4      | HP: 6/38 [hound (4)]
   747 | D:4      | HP: 2/38 [ufetubus (4)]
   748 | D:4      | Slain by an ufetubus

Illustrated notes

..######## .......>.. ......
.........# .....
....#....############ ....
.........##.........# ...
......(..##.........# ..
o.....(.(##@........#######.
....#((..o'(........'.......
. #...(##.........########
#....##.........#######.
#....##.........(.......
#....##.................
#....##.................
.....##........†........
....## #.................


Turn 670 on D:3: nice roll m8

Levels and vault maps discovered:
D:1:      minmay_arrival_cross, layout_basic
D:2:      layout_basic, basic_ecumenical_altar, minmay_tromino_mix6
D:3:      layout_basic
D:4:      layout_loops_ring, kennysheep_vampire_church, minmay_strange_pillars,
          uniq_sigmund, uniq_eustachio, uniq_blork_the_orc, uniq_edmund,
          uniq_pikel

Skill      XL: |  1  2  3  4 |
---------------+-------------+-----
Axes           | 4 5 |  5.7
Fighting       | |  2.0
Throwing       | |  2.0
Dodging        | |  3.0

Action                   |  1- 3 |  4- 6 || total
-------------------------+-------+-------++-------
Melee: War axe           |    82 |    18 ||   100
 Fire: Hunting sling     |    32 |     2 ||    34
Throw: Throwing net      |     1 |     3 ||     4
  Use: Potion            |     2 |       ||     2
 Stab: Held in net/web   |       |     1 ||     1
Armor: Leather armour    |     5 |       ||     5
       Ring mail         |    29 |     3 ||    32
Dodge: Dodged            |    84 |    16 ||   100

Table legend: (Time is in decaauts)
 A = Elapsed time spent in this place.
 B = Non-inter-level travel time spent in this place.
 C = Inter-level travel time spent in this place.
 D = Time resting spent in this place.
 E = Time spent auto-exploring this place.
 F = Levels seen in this place.
 G = Mean time per level.
                   A        B        C        D        E       F      G
               +--------+--------+--------+--------+--------+-----+--------+
         Total |    774 |    735 |     39 |      0 |      0 |   4 |  193.5 |
       Dungeon |    774 |    735 |     39 |      0 |      0 |   4 |  193.5 |
               +--------+--------+--------+--------+--------+-----+--------+

Top non-repeatable levels by time:
     D:3: 337 daAuts
     D:1: 218 daAuts
     D:2: 187 daAuts
     D:4: 31 daAuts
